 Dungeon Crawl Stone Soup version 0.27.0-1-g7a089689b8 (webtiles) character file.

Game seed: 7496243110964773932

228 Gwenloh the Changer (level 6, -1/46 HPs)
             Began as a Merfolk Transmuter on Aug 17, 2021.
             Was an Initiate of Wu Jian.
             Slain by Pikel (6 damage)
             ... on level 4 of the Dungeon.
             The game lasted 00:12:48 (4450 turns).

Gwenloh the Changer (Merfolk Transmuter)            Turns: 4450, Time: 00:12:49

Health: -1/46      AC:  2    Str: 17    XL:     6   Next: 2%
Magic:  8/9        EV: 20    Int: 14    God:    Wu Jian [......]
Gold:   93         SH:  0    Dex: 19    Spells: 3/9 levels left

rFire    . . .     SeeInvis .     - Unarmed
rCold    . . .     Faith    .   (shield currently unavailable)
rNeg     + . .     Spirit   .   (armour currently unavailable)
rPois    x         Reflect  .   (helmet currently unavailable)
rElec    .         Harm     .   (cloak currently unavailable)
rCorr    .         Rampage  .   (gloves currently unavailable)
Will     .....                  (boots currently unavailable)
Stlth    ++........             (no amulet)
HPRegen  0.15/turn              l - +6 ring of strength
MPRegen  0.11/turn              h - ring of positive energy

@: brilliant, spider-form (expiring), very slightly contaminated, invisible
A: venomous fangs, tiny, (nimble swimmer 2), (mertail)
a: End Transformation, Renounce Religion


You were on level 4 of the Dungeon.
You worshipped Wu Jian.
Wu Jian was noncommittal.
You were a venomous arachnid creature.
You visited 1 branch of the dungeon, and saw 4 of its levels.

You collected 93 gold pieces.

Inventory:

Missiles
 c - 44 stones (quivered)
 g - 12 boomerangs
Armour
 a - a +0 robe (melded)
 k - a +0 pair of gloves (melded)
 t - a +0 buckler of reflection
Jewellery
 f - a ring of resist corrosion
 h - a ring of positive energy (right front leg)
 l - a +6 ring of strength (left front leg)
 q - a +6 ring of strength
Scrolls
 b - a scroll of summoning {unknown}
 d - 2 scrolls of enchant armour {unknown}
 e - a scroll of fear {unknown}
 i - 2 scrolls of noise {unknown}
 j - a scroll of identify
 u - a scroll of blinking {unknown}
Potions
 n - a potion of invisibility
 o - a potion of resistance {unknown}
 p - a potion of flight {unknown}
 r - 2 potions of curing
 s - a potion of degeneration {unknown}


   Skills:
 + Level 2.6 Fighting
 - Level 3.1 Dodging
 * Level 4.9 Unarmed Combat
 - Level 2.0 Spellcasting
 * Level 5.0 Transmutations
 + Level 1.8 Poison Magic


You had 3 spell levels left.
You knew the following spells:

 Your Spells              Type           Power      Damage    Failure   Level
a - Beastly Appendage     Tmut           46%        N/A       11%         1
b - Wereblood             Tmut           23%        N/A       13%         2
c - Spider Form           Tmut/Pois      8%         N/A       36%         3

Your spell library contained the following spells:

 Spells                   Type           Power      Damage    Failure   Level
 Magic Dart               Conj           8%         1d3       45%         1
 Searing Ray              Conj           4%         3d3       56%         2
 Tukima's Dance           Hex            2%         N/A       77%         3
 Ice Form                 Ice/Tmut       12%        N/A       82%         4
 Fulminant Prism          Conj/Hex       1%         3d6       98%         4
 Passage of Golubria      Tloc           N/A        N/A       98%         4
 Yara's Violent Unravell  Hex/Tmut       6%         3d5       98%         5


Dungeon Overview and Level Annotations

Branches:
Dungeon (4/15)
 Temple: D:4-7

Altars:
Elyvilon
Qazlal
Ru
Vehumet
Wu Jian
Xom
The Shining One

Annotations:
D:4 Pikel


Innate Abilities, Weirdness & Mutations

You are a venomous arachnid creature.
You have poisonous fangs.
You are tiny and dextrous.
Your spellcasting is less reliable in this form.
Your armour is entirely melded.
You are incapable of wielding weapons or throwing items.
((You are quick and stealthy near water. (Stealth+, EV+, Speed+++)))
((Your lower body shifts to a powerful aquatic tail in water.))


Message History

The lemure is moderately wounded.
The lemure completely misses you. Pikel misses you.
You hit the lemure.
The lemure looks as sick as possible!
The lemure is moderately wounded.
Pikel hits you with a +2 whip of freezing.
Pikel freezes you. The lemure hits you.
You hit Pikel but do no damage.
Pikel is poisoned.
You hit Pikel but do no damage.
Pikel looks as sick as possible!
Pikel is lightly wounded.
Pikel misses you. The lemure completely misses you.
You barely miss Pikel.
Pikel is lightly wounded.
Pikel misses you. The lemure completely misses you.
You hit Pikel.
Pikel looks as sick as possible!
Pikel is moderately wounded.
Pikel hits you with a +2 whip of freezing.
Pikel freezes you. The lemure hits you.
* * * LOW HITPOINT WARNING * * *
You barely miss Pikel.
Pikel is moderately wounded.
Pikel hits you with a +2 whip of freezing.
* * * LOW HITPOINT WARNING * * *
Pikel freezes you.
* * * LOW HITPOINT WARNING * * *
The lemure completely misses you.
It was a potion of invisibility.
You fade into invisibility!
Your transformation is almost over.
Pikel barely misses you. The lemure completely misses you.
You are very lightly contaminated with residual magic.
You barely miss Pikel.
Pikel is heavily wounded.
The lemure completely misses you. Pikel barely misses you.
As you read the scroll labelled YQESUFR BUIGG, it crumbles to dust.
It is a scroll of identify.
r - 2 potions of curing Pikel closely misses you.
It was a potion of brilliance.
You feel clever all of a sudden.
Pikel hits you with a +2 whip of freezing.
You die...

#.........# ####.#
#.........######....#
#####.......#..'....#
####...........#.##....#
#.....###......#.#......
#.....# #.#......#.....#
#..[..# #.#.######......
#.....###.#.# #....##
+.....5s#.#.# #......
#.....#K#.#.. #######
#.....#5....... ....<..
#.....#........ .......
#........###### #######
#####.#..# #....# #....#
...#


You could see Pikel (very poisoned) and 2 lemures.

Vanquished Creatures
  A lemure (D:4)
  Natasha (thrice) (D:2)
  An iguana (D:3)
  6 adders
  An adder skeleton (D:4)
  11 orcs
  7 bats
  8 endoplasms
  7 goblins
  4 hobgoblins
  2 jackals (D:1)
  3 quokkas
  3 ball pythons
  3 frilled lizards (D:1)
  2 kobolds (D:1)
  2 rats
64 creatures vanquished.

Notes
Turn   | Place    | Note
-------+----------+-------------------------------------------
     0 | D:1      | Gwenloh the Merfolk Transmuter began the quest for the Orb.
     0 | D:1      | Reached XP level 1. HP: 15/15 MP: 3/3
   269 | D:1      | Reached skill level 3 in Transmutations
   395 | D:1      | Reached XP level 2. HP: 17/21 MP: 1/5
   399 | D:1      | Learned a level 2 spell: Wereblood
   706 | D:1      | Found a faded altar of an unknown god.
   716 | D:1      | Became a worshipper of Elyvilon the Healer
   716 | D:1      | Reached * piety under Elyvilon
   969 | D:1      | Reached XP level 3. HP: 23/26 MP: 4/6
  1186 | D:1      | Learned a level 3 spell: Spider Form
  1594 | D:2      | Reached ** piety under Elyvilon
  1685 | D:2      | Noticed Natasha
  1694 | D:2      | Killed Natasha
  1827 | D:2      | Noticed Natasha
  1833 | D:2      | Killed Natasha
  1834 | D:2      | Reached skill level 4 in Transmutations
  1834 | D:2      | Reached XP level 4. HP: 30/33 MP: 3/7
  2096 | D:2      | Reached skill level 1 in Poison Magic
  2191 | D:2      | Noticed Natasha
  2261 | D:2      | Killed Natasha
  2262 | D:2      | Reached XP level 5. HP: 23/38 MP: 5/8
  3218 | D:3      | Reached *** piety under Elyvilon
  3606 | D:3      | Reached skill level 5 in Transmutations
  3794 | D:3      | Found a radiant altar of Vehumet.
  3865 | D:3      | Found a sacrificial altar of Ru.
  3867 | D:3      | Found a shimmering altar of Xom.
  3869 | D:3      | Found a glowing golden altar of the Shining One.
  3870 | D:3      | Found a stormy altar of Qazlal.
  3871 | D:3      | Found an ornate altar of the Wu Jian Council.
  3879 | D:3      | Fell from the grace of Elyvilon
  3879 | D:3      | Became a worshipper of the Wu Jian Council
  4237 | D:4      | Reached XP level 6. HP: 46/46 MP: 7/9
  4428 | D:4      | Noticed Pikel
  4450 | D:4      | Slain by Pikel

Illustrated notes

Levels and vault maps discovered:
D:1:      minmay_arrival_stair_chambers, layout_loops_ring,
          hellmonk_ecumenical_altar_zigzags
D:2:      layout_loops_corners, uniq_natasha
D:3:      layout_basic, minitemple, portal_sewer_entry_d
D:4:      layout_basic, worldfamousw_hep_ancestral_shrine, kennysheep_mini_moat,
          minmay_temple_entry_overgrown, enter_ossuary_4, uniq_pikel

Skill      XL: |  1  2  3  4  5 |
---------------+----------------+-----
Transmutations | 3 4 5 |  5.0
Dodging        | 3 |  3.1
Unarmed Combat | 4 |  4.9
Fighting       | 2 |  2.6
Poison Magic   | 1 |  1.8
Spellcasting   | |  2.0

Action                   |  1- 3 |  4- 6 || total
-------------------------+-------+-------++-------
Melee: Unarmed           |    90 |   116 ||   206
       Headbutt          |     8 |     9 ||    17
       Punch             |     1 |     1 ||     2
Throw: Stone             |    38 |    25 ||    63
       Boomerang         |       |    24 ||    24
 Cast: Beastly Appendage |    23 |    19 ||    42
       Wereblood         |     2 |     3 ||     5
       Spider Form       |     2 |     4 ||     6
  Use: Potion            |       |     2 ||     2
       Scroll            |       |     1 ||     1
Armor: Robe              |    21 |    14 ||    35
       Skin              |       |     1 ||     1
Dodge: Dodged            |    77 |    95 ||   172
